 Dungeon Crawl Stone Soup version 0.17.0-26-gececa24 (webtiles) character file.

215 DEFE the Ducker (level 5, -2/37 HPs)
             Began as an Octopode Fighter on Nov 20, 2015.
             Slain by DEFE's ghost (11 damage)
             ... on level 3 of the Dungeon.
             The game lasted 00:03:57 (2253 turns).

DEFE the Ducker (Octopode Fighter)                  Turns: 2253, Time: 00:03:58

Health: -2/37      AC:  3    Str: 16    XL:     5   Next: 92%
Magic:  5/5        EV: 11    Int: 10    God:
Gold:   141        SH: 10    Dex: 12    Spells: 0 memorised, 4 levels left

rFire  . . .     SeeInvis .     a - +0 war axe
rCold  . . .     Clarity  .     b - +1 shield
rNeg   . . .     SustAt   .     (helmet restricted)
rPois  .         Gourm    .     (no amulet)
rElec  .         Spirit   .     o - +2 ring of protection
rCorr  .         Warding  .     (no ring)
rMut   .         Stasis   .     (no ring)
MR     .....                    (no ring)
Stlth  ++........               (no ring)
                                (no ring)
                                (no ring)
                                (no ring)

@: not resistant to hostile enchantments, unstealthy
A: almost no armour, amphibious, 8 rings, constrict 8, camouflage 1, gelatinous
body 1
a: no special abilities


You were on level 3 of the Dungeon.
You were not hungry.

You visited 1 branch of the dungeon, and saw 3 of its levels.

You collected 141 gold pieces.

Inventory:

Hand Weapons
 a - a +0 war axe (weapon)
Missiles
 i - 27 poisoned needles
Armour
 b - a +1 shield (worn)
Jewellery
 o - a +2 ring of protection (left tentacle)
Wands
 k - a wand of digging (4)
 r - a wand of magic darts (24)
Scrolls
 f - 2 scrolls of fear
 l - 2 scrolls of immolation {unknown}
 m - a scroll of random uselessness {unknown}
 q - a scroll of amnesia {unknown}
 u - a scroll of remove curse
Potions
 c - 2 potions of might
 e - a potion of resistance
 g - a potion of ambrosia {unknown}
 h - a potion of magic
 p - a potion of cancellation {unknown}
 t - 2 potions of heal wounds {unknown}
Comestibles
 d - 2 bread rations
 j - a slice of pizza
 n - a royal jelly
 s - a chunk of flesh


   Skills:
 + Level 3.7 Fighting
 * Level 4.1 Axes
 + Level 4.1 Dodging
 + Level 3.7 Shields


You had 4 spell levels left.
You didn't know any spells.

Dungeon Overview and Level Annotations

Branches:
Dungeon (3/15)

Altars:
Sif Muna

Annotations:
D:3 DEFE's ghost, amateur DgFi


Innate Abilities, Weirdness & Mutations

You cannot wear most types of armour.
You are amphibious.
You can wear up to eight rings at the same time.
You can use your tentacles to constrict eight enemies at once.
Your skin changes colour to match your surroundings (Stealth).
Your rubbery body absorbs attacks (AC +1).


Message History

You block the kobold's attack. DEFE's ghost hits you!
You hit DEFE's ghost. You squeeze DEFE's ghost.
DEFE's ghost is lightly damaged.
You hit the kobold.
You kill the kobold!
You block DEFE's ghost's attack.
You barely miss DEFE's ghost.
DEFE's ghost is lightly damaged.
You hit the goblin.
The goblin is moderately wounded.
DEFE's ghost hits you!
* * * LOW HITPOINT WARNING * * *
You block the goblin's attack.
You are too injured to fight recklessly!
You are too injured to fight recklessly!
You see here a stone.
DEFE's ghost hits you but does no damage.
You see here a stone.
DEFE's ghost hits you!
You die...

#.#.#.#.......#
#.#...#.#######
#.......# #.#####.#
#.......# #.....#.#
##.......# #####.#.#
.'.......# #.#.#
#.......# #.#.#
#.......# #.#.#
#....)..# #@#.#
#.......# #W#.#
#.....((# #.#.#
#.......#######g#.##
###.....(...g...#..#
################.#
#.# #.#
###################.#


You could see DEFE's ghost and a goblin.

Vanquished Creatures
  Ijyb (D:3)
  Terence (D:2)
  Natasha (thrice) (D:2)
  Robin (D:2)
  4 gnolls (D:3)
  An adder (D:3)
  2 worms (D:3)
  2 giant geckos
  3 bats
  2 giant cockroaches
  8 hobgoblins
  7 jackals
  A quokka (D:2)
  A ball python (D:1)
  9 goblins
  13 kobolds
  7 rats
66 creatures vanquished.

Notes
Turn   | Place    | Note
--------------------------------------------------------------
     0 | D:1      | DEFE the Octopode Fighter began the quest for the Orb.
     0 | D:1      | Reached XP level 1. HP: 16/16 MP: 1/1
   251 | D:1      | Reached XP level 2. HP: 14/21 MP: 2/2
   759 | D:2      | Noticed Terence
   767 | D:2      | Killed Terence
   767 | D:2      | Reached XP level 3. HP: 21/26 MP: 3/3
   870 | D:2      | Noticed Natasha
   881 | D:2      | Killed Natasha
   881 | D:2      | Reached XP level 4. HP: 16/31 MP: 4/4
  1162 | D:2      | Noticed Natasha
  1168 | D:2      | Killed Natasha
  1312 | D:2      | Noticed Robin
  1315 | D:2      | Killed Robin
  1354 | D:2      | Reached XP level 5. HP: 34/36 MP: 5/5
  1447 | D:2      | Noticed Natasha
  1451 | D:2      | Killed Natasha
  1476 | D:2      | Found a deep blue altar of Sif Muna.
  1843 | D:3      | Noticed Ijyb
  1848 | D:3      | Killed Ijyb
  2199 | D:3      | Reached skill level 4 in Dodging
  2233 | D:3      | Noticed DEFE's ghost (amateur DgFi)
  2253 | D:3      | Slain by DEFE's ghost

Action                   |  1- 3 |  4- 6 || total
-------------------------+-------+-------++-------
Melee: War axe           |    39 |    81 ||   120
  Use: Scroll            |       |     8 ||     8
 Stab: Sleeping          |     1 |     1 ||     2
  Eat: Chunk             |       |     4 ||     4
